 Dungeon Crawl Stone Soup version 0.31-a0-331-geda263fcf1 (webtiles) character file.

Game seed: 690182842895119227

1414 night the Ruffian (level 8, -2/62 (70) HPs)
             Began as a Troll Shapeshifter on July 19, 2023.
             Slain by a wight
             ... wielding a +3 war axe of freezing
              (3 damage)
             ... on level 7 of the Dungeon.
             The game lasted 00:06:45 (4087 turns).

night the Ruffian (Troll Shapeshifter)              Turns: 4087, Time: 00:06:45

HP:   -2/62 (70)    AC:  6    Str: 26    XL:     8   Next: 43%
MP:   7/7           EV:  9    Int:  4    God:
Gold: 480           SH:  5    Dex: 10    Spells: 7/7 levels left

rFire   . .          .
                       - Unarmed
rCold   + . .        (no shield)
rNeg    + . .        y - +0 troll leather armour
rPois   .            (helmet currently unavailable)
rElec   .            (cloak currently unavailable)
rCorr   .            (gloves unavailable)
SInv    .            (boots unavailable)
Will    .....        p - amulet of reflection
Stlth   +            e - ring of positive energy
HPRegen 1.90/turn    A - ring of protection from cold
MPRegen 0.10/turn

%: reflection
@: lethally poisoned (-2 -> -2), beast-form, slowed, heavily drained, very slow
A: beast (slay +4), large, unfitting armour, claws 3, regeneration 1, shaggy fur
1, tough skin 1
a: Begin Untransformation


You were on level 7 of the Dungeon.
You were a hulking beast.
You visited 1 branch of the dungeon, and saw 7 of its levels.

You collected 480 gold pieces.

Inventory:

Missiles
 d - 113 stones
 h - 4 javelins
 s - 4 poisoned darts
 u - a throwing net
 C - 2 boomerangs
Armour
 a - a +0 animal skin
 o - a +0 cloak
 y - a +0 troll leather armour (worn)
Jewellery
 e - a ring of positive energy (left claw)
 p - an amulet of reflection (around neck)
 t - the ring of Finality {Int+6 Dex+4}
   (You found it on level 5 of the Dungeon)

   [ring of intelligence]

   Int:       It affects your intelligence (+6).
   Dex:       It affects your dexterity (+4).
 A - a ring of protection from cold (right claw)
Talismans
 c - a beast talisman
Wands
 i - a wand of paralysis (8)
 m - a wand of iceblast (7)
Scrolls
 f - a scroll of teleportation
 j - a scroll of torment
 k - a scroll of silence
 l - a scroll of fog
 q - 2 scrolls of vulnerability
 w - a scroll of fear {unknown}
 x - 2 scrolls of identify
Potions
 b - 2 potions of lignification
 g - 3 potions of mutation
 n - a potion of heal wounds
 r - 2 potions of attraction
 v - a potion of magic
 z - a potion of curing {unknown}
 B - a potion of degeneration {unknown}


   Skills:
 - Level 1.5 Fighting
 - Level 1.5 Dodging
 + Level 7.6 Unarmed Combat
 + Level 6.9 Shapeshifting


You had 7 spell levels left.
You didn't know any spells.
Your spell library contained the following spells:

 Spells                   Type           Power      Damage    Failure   Level
 Tukima's Dance           Hex            0%         N/A       89%         3
 Passage of Golubria      Tloc           0%         N/A       100%        4
 Yara's Violent Unravell  Hex/Tmut       0%         3d3       100%        5


Dungeon Overview and Level Annotations

Branches:
Dungeon (7/15)
 Temple: D:4-7

Altars:
Cheibriados
Kikubaaqudgha
Trog
Uskayaw

Shops:
D:1 (   D:4 :


Innate Abilities, Weirdness & Mutations

You are a hulking beast.
Your limbs bulge with bestial killing power. (Slay +4)
You are too large for most types of armour.
You have claws for hands.
Your natural rate of healing is unusually fast.
You are covered in fur. (AC +1)
You have tough skin. (AC +1)


Message History

You destroy the wight!
The kobold throws a stone.
The stone barely misses you.
A kobold and a black bear come into view.
The kobold shouts!
The black bear growls angrily.
The wight barely misses you.
Items here: )) [[.
You claw the wight!
The wight is severely damaged.
The wight hits you with a +4 hand axe. You partially resist.
You feel drained. The kobold hits you with a +0 club.
You barely miss the wight.
The wight is severely damaged.
The wight hits you with a +4 hand axe. You partially resist.
You feel drained.
You scratch the wight but do no damage.
The wight is severely damaged.
The kobold brigand throws a curare-tipped dart.
The curare-tipped dart hits you.
You are poisoned.
You have difficulty breathing.
You feel yourself slow down. The kobold hits you but does no damage.
You block the wight's attack.
You barely miss the wight.
The wight is severely damaged.
You feel very sick.
The wight hits you with a +3 war axe of freezing!
The wight freezes you. The wight hits you with a +4 hand axe.
The kobold closely misses you.
You closely miss the wight.
The wight is severely damaged.
You feel sick.
The wight hits you with a +3 war axe of freezing!
You partially resist.
You feel drained. The wight freezes you. The wight hits you with a +4 hand axe!
* * * LOW HITPOINT WARNING * * *
You partially resist.
You feel drained.
You are too injured to fight recklessly!
You feel sick. You block the kobold brigand's attack.
The wight hits you with a +3 war axe of freezing!
* * * LOW HITPOINT WARNING * * *
You partially resist.
You feel drained. The wight freezes you.
You die...

...........).....###
....#.........))..#.##
.................####
............#####
..........##
#....#...# #...#....#
#.z#....# #Kzh....#
...>.hKK...###
......K#...#
..........##
.......#### .......
....... ###....


You could see a black bear, a kobold brigand, 2 wights and 3 kobolds.

Vanquished Creatures
  A water moccasin (D:7)
  2 ice beasts (D:6)
  3 ogres (D:4)
  2 phantoms
  A scorpion (D:6)
  3 wights (D:7)
  3 hounds
  2 orc priests (D:7)
  Crazy Yiuf (D:4)
  A sleepcap (D:6)
  Jessica (D:2)
  Terence (D:2)
  3 iguanas
  6 adders
  3 gnolls (D:5)
  A shadow imp (D:5)
  A white imp (D:4)
  3 dart slugs
  6 orcs
  6 ball pythons
  12 endoplasms
  3 giant cockroaches
  9 hobgoblins
  10 kobolds
  7 quokkas
  6 bats
  A frilled lizard (D:3)
  11 goblins
  5 rats
114 creatures vanquished.

Notes
Turn   | Place    | Note
-------+----------+-------------------------------------------
     0 | D:1      | night the Troll Shapeshifter began the quest for the Orb.
     0 | D:1      | Reached XP level 1. HP: 19/19 MP: 0/0
   306 | D:1      | Reached XP level 2. HP: 27/27 MP: 1/1
   541 | D:1      | Found Pygupn Jeun's Weapon Emporium.
   766 | D:2      | Reached XP level 3. HP: 31/33 MP: 2/2
   777 | D:2      | Reached skill level 3 in Unarmed Combat
   909 | D:2      | Noticed Terence
   923 | D:2      | Killed Terence
   924 | D:2      | Reached XP level 4. HP: 27/41 MP: 3/3
   940 | D:2      | Noticed Jessica
   946 | D:2      | Killed Jessica
  1214 | D:3      | Found the +5 woodcutter's axe
  1304 | D:3      | Noticed a phantom
  1311 | D:3      | Killed a phantom
  1312 | D:3      | Reached skill level 4 in Unarmed Combat
  1312 | D:3      | Reached XP level 5. HP: 40/48 MP: 4/4
  1569 | D:3      | Found a bloodstained altar of Trog.
  2004 | D:4      | Noticed an ogre
  2007 | D:4      | Killed an ogre
  2008 | D:4      | Reached XP level 6. HP: 55/55 MP: 5/5
  2018 | D:4      | Reached skill level 5 in Unarmed Combat
  2028 | D:4      | Identified the +2 trident "Jocuc" {venom, +Blink rPois}
  2207 | D:4      | Found a runed translucent door.
  2208 | D:4      | Noticed Crazy Yiuf
  2213 | D:4      | Killed Crazy Yiuf
  2214 | D:4      | Reached skill level 5 in Shapeshifting
  2307 | D:4      | Found Ehai's Book Shop.
  2372 | D:4      | Reached XP level 7. HP: 51/62 MP: 6/6
  2541 | D:5      | Entered Level 5 of the Dungeon
  2697 | D:5      | Identified the ring of Finality {Int+6 Dex+4}
  2716 | D:5      | Reached skill level 6 in Unarmed Combat
  2974 | D:5      | Found a snail-covered altar of Cheibriados.
  3007 | D:5      | Found a hide-covered altar of Uskayaw.
  3337 | D:6      | Found an ancient bone altar of Kikubaaqudgha.
  3809 | D:6      | Reached XP level 8. HP: 67/70 MP: 7/7
  3845 | D:6      | Reached skill level 7 in Unarmed Combat
  3978 | D:7      | Identified the +7 dagger of Bumemn {heavy, rCorr}
  4087 | D:7      | HP: 1/64 [wight/+3 war axe of freezing (13)]
  4087 | D:7      | Slain by a wight

Illustrated notes

Levels and vault maps discovered:
D:1:      dpeg_arrival_circle_labyrinth_c, layout_basic, serial_shops, shop
D:2:      layout_basic, uniq_terence, uniq_jessica
D:3:      corexii_shack_village, layout_basic, trog_book
D:4:      layout_basic, serial_shops, nicolae_book_shop_shelving,
          serial_bayou_ford_a, minmay_box_of_dots, uniq_crazy_yiuf_cottage
D:5:      layout_loops_cross, mainiacjoe_overflow_large_starburst
D:6:      layout_loops_ring, nicolae_kikubaaqudgha_miasma_corner,
          chequers_arboretum
D:7:      layout_cave_pools, mainiacjoe_overflow_alcove_4,
          nicolae_gozag_cash_rules_everything_around_me, lemuel_crystal_altar,
          minmay_temple_entry_glass

Skill      XL: |  1  2  3  4  5  6  7  8 |
---------------+-------------------------+-----
Unarmed Combat | 3 4 5 6 7 |  7.6
Shapeshifting  | 4 5 6 |  6.9
Fighting       | |  1.5
Dodging        | |  1.5

Action                     |  1- 3 |  4- 6 |  7- 9 || total
---------------------------+-------+-------+-------++-------
  Melee: Unarmed           |    71 |   110 |    80 ||   261
         Punch             |       |     2 |     5 ||     7
  Evoke: Wand              |       |     1 |     1 ||     2
    Use: Scroll            |       |       |    10 ||    10
   Stab: Sleeping          |     1 |       |       ||     1
 Armour: Animal skin       |    16 |    28 |     3 ||    47
         Troll leather arm |       |       |    13 ||    13
  Dodge: Dodged            |    35 |    40 |    26 ||   101
  Block: Other             |       |       |     8 ||     8
         Reflection        |       |       |     1 ||     1

Table legend: (Time is in decaauts)
 A = Elapsed time spent in this place.
 B = Non-inter-level travel time spent in this place.
 C = Inter-level travel time spent in this place.
 D = Time resting spent in this place.
 E = Time spent auto-exploring this place.
 F = Levels seen in this place.
 G = Mean time per level.
                   A        B        C        D        E       F      G
               +--------+--------+--------+--------+--------+-----+--------+
         Total |   4063 |   3897 |    166 |      0 |   3236 |   7 |  580.4 |
       Dungeon |   4063 |   3897 |    166 |      0 |   3236 |   7 |  580.4 |
               +--------+--------+--------+--------+--------+-----+--------+

Top non-repeatable levels by time:
     D:3: 791 daAuts
     D:5: 708 daAuts
     D:1: 704 daAuts
     D:6: 684 daAuts
     D:4: 544 daAuts
     D:2: 485 daAuts
     D:7: 144 daAuts
